AoeStats
← Sir Griffindor

Arabia

509677196Analyzed
1v1 RM · 4d ago on Sep 27, 2026· 30m 29s· 2 players
Game mode
Random Map
Map size
Tiny (2 player)
Population
200
Speed
Normal
Resources
Standard
Victory
Conquest
Starting age
Dark Age
Ending age
Imperial Age
RankedLock teamsTeams togetherTeam positionsShared explorationLock speedFull tech treeHidden civsTurbo modeCheats
Victory
Defeat
🇨🇱 Mongols · Chile
816
+16
🇲🇽 Mongols · Mexico
808
-16
Sir Griffindor
7:36 Loom
9:56 Feudal Age
15:48 Castle Age
18:16 Double-Bit Axe
18:12 Horse Collar
22:15 Bow Saw
23:08 Wheelbarrow
24:55 Heavy Plow
26:11 Fletching
27:03 Gold Mining
29:33 Scale Barding Armor
你媽媽吞下了它
6:22 Loom
8:56 Feudal Age
10:03 Double-Bit Axe
15:28 Horse Collar
21:06 Castle Age
19:43 Fletching
20:53 Gold Mining
22:10 Husbandry
25:27 Ballistics
27:25 Wheelbarrow
26:36 Town Watch
28:27 Bodkin Arrow
Connection lost

Rejoining the realm…

Still unreachable

The connection could not be restored.

Session expired

The server has moved on; the page needs a fresh start.